 Dungeon Crawl Stone Soup version 0.30-a0-465-g8901f6c8b5 (webtiles) character file.

Game seed: 3771136040878631405

69 greenreed the Digger (level 4, -4/24 HPs)
             Began as a Gargoyle Earth Elementalist on Dec 19, 2022.
             Killed by divine providence
             ... invoked by an orc priest
              (14 damage)
             ... on level 3 of the Dungeon.
             The game lasted 00:02:11 (1724 turns).

greenreed the Digger (Gargoyle Earth Elementalist)  Turns: 1724, Time: 00:02:12

Health: -4/24      AC:  5    Str: 12    XL:     4   Next: 20%
Magic:  8/8        EV: 27    Int: 17    God:
Gold:   60         SH:  0    Dex: 10    Spells: 7/8 levels left

rFire   . . .      SeeInvis .    (no weapon)
rCold   . . .      Faith    .    (no shield)
rNeg    + . .      Spirit   .    a - +0 robe
rPois   ∞          Reflect  .    (no helmet)
rElec   +          Harm     .    (no cloak)
rCorr   .          Rampage  .    (no gloves)
Will    .....                    (no boots)
Stlth   ++........               k - amulet of the acrobat
HPRegen 0.24/turn                (no ring)
MPRegen 0.11/turn                (no ring)

@: acrobatic
A: sickness immunity, AC +3, negative energy resistance 1, electricity
resistance, torment resistance 1, petrification resistance
a: no special abilities


You were on level 3 of the Dungeon.
You visited 1 branch of the dungeon, and saw 3 of its levels.

You collected 60 gold pieces.

Inventory:

Armour
 a - a +0 robe (worn)
Jewellery
 k - an amulet of the acrobat (around neck)
Scrolls
 c - 3 scrolls of identify {unknown}
 e - 3 scrolls of teleportation {unknown}
 i - a scroll of noise {unknown}
Potions
 b - a potion of magic
 d - a potion of curing {unknown}
 f - a potion of mutation {unknown}
 g - a potion of ambrosia {unknown}
 h - a potion of attraction {unknown}
 j - a potion of degeneration {unknown}
 l - a potion of might {unknown}


   Skills:
 + Level 1.6 Dodging
 + Level 2.6 Stealth
 + Level 2.8 Spellcasting
 + Level 0.7 Transmutations
 + Level 4.9 Earth Magic


You had 7 spell levels left.
You knew the following spells:

 Your Spells              Type           Power      Damage    Failure   Level
a - Sandblast             Erth           38%        2d10      2%          1

Your spell library contained the following spells:

 Spells                   Type           Power      Damage    Failure   Level
 Passwall                 Tmut/Erth      10%        N/A       9%          2
 Stone Arrow              Conj/Erth      20%        3d8       19%         3
 Ensorcelled Hibernation  Hex/Ice        4%         N/A       26%         2
 Spider Form              Tmut/Pois      3%         N/A       43%         3
 Petrify                  Tmut/Erth      12%        N/A       50%         4
 Anguish                  Hex/Necr       1%         N/A       87%         4
 Summon Lightning Spire   Summ/Air       2%         N/A       87%         4
 Irradiate                Conj/Tmut      1%         3d12      99%         5
 Storm Form               Tmut/Air       1%         N/A       100%        7
 Maxwell's Capacitive Co  Air            1%         ∞         100%        8
 Sublimation of Blood     Necr           Unusable   N/A       N/A         2

Dungeon Overview and Level Annotations

Branches:
Dungeon (3/15)

Altars:

Shops:
D:1 ?   D:3 (


Innate Abilities, Weirdness & Mutations

You are immune to sickness and miasma.
Your stone body is resilient. (AC +3)
You are immune to poison.
You resist negative energy. (rN+)
You are resistant to electric shocks. (rElec)
You are resistant to unholy torment.
You are immune to petrification.


Message History

The adder hisses angrily.
The blast of sand hits the adder.
The adder is severely wounded.
The adder barely misses you.
Your magical contamination has completely faded away.
The blast of sand misses the adder.
The adder bites you but does no damage. x2
The blast of sand hits the adder.
You kill the adder!
You now have 60 gold pieces (gained 12).
k - an amulet of the acrobat You start putting on your amulet.
You continue putting on your amulet of the acrobat. x5
You finish putting on your amulet of the acrobat.
You feel ready to tumble and roll out of harm's way.
k - an amulet of the acrobat (around neck)
Found an escape hatch in the ceiling and an escape hatch in the floor.
Found Linam's Antique Weapon Boutique.
l - a white potion
There is an entrance to Linam's Antique Weapon Boutique here.
A rat comes into view.
The blast of sand misses the rat.
The blast of sand hits the rat!
You kill the rat!
You see here a rat corpse.
You see here a rat corpse.
An orc priest comes into view. It is wielding a +0 mace.
The orc priest shouts!
An orc, 2 orc priests and an orc wizard come into view.
The orc priest shouts! x2; The orc wizard shouts!
A giant cockroach comes into view.
The orc priest calls down the wrath of Beogh upon you.
Beogh smites you!
Ouch! That really hurt!
You are too injured to fight recklessly!
You are too injured to fight recklessly!
The orc priest looks braver for a moment.
The orc priest calls down the wrath of Beogh upon you.
Beogh smites you!
Ouch! That really hurt!
You die...

..:.o.. ### ....... #.#
..oo..# +.###.o...#
+.##....# #....# #....#
###### #....# ##....#
########@...# #...###
............#####.###
.................#
##.##..#........##
#..##<....######
###..........#
#............##
##.#...........#####
####..#...........†...###


You could see 2 orc priests and an orc wizard.

Vanquished Creatures
  2 adders
  A worm (D:2)
  3 dart slugs (D:1)
  2 orcs (D:2)
  An endoplasm (D:2)
  3 giant cockroaches
  6 goblins
  3 hobgoblins
  2 quokkas
  2 ball pythons
  4 bats
  4 frilled lizards (D:1)
  5 kobolds
  A rat (D:3)
39 creatures vanquished.

Notes
Turn   | Place    | Note
-------+----------+-------------------------------------------
     0 | D:1      | greenreed the Gargoyle Earth Elementalist began the quest
                  | for the Orb.
     0 | D:1      | Reached XP level 1. HP: 10/10 MP: 3/3
   174 | D:1      | Found Tesuq's Magic Scroll Boutique.
   177 | D:1      | Reached XP level 2. HP: 15/15 MP: 3/5
   371 | D:1      | Reached skill level 4 in Earth Magic
   581 | D:1      | Reached XP level 3. HP: 19/19 MP: 3/6
  1134 | D:2      | Found a faded altar of an unknown god.
  1539 | D:3      | Reached XP level 4. HP: 24/24 MP: 5/8
  1653 | D:3      | Found Linam's Antique Weapon Boutique.
  1724 | D:3      | Killed from afar by an orc priest

Illustrated notes

Levels and vault maps discovered:
D:1:      scummos_arrival_simple_crosswalls, layout_rooms, serial_shops, shop
D:2:      layout_loops_ring, hellmonk_ecumenical_altar_defaced_shrine
D:3:      layout_rooms, nicolae_overflow_crystal_walls, serial_shops, shop,
          shop, kennysheep_cross_bottleneck, kennysheep_generic_room_4

Skill      XL: |  1  2 |
---------------+-------+-----
Earth Magic    | 4 |  4.9
Dodging        | |  1.6
Stealth        | |  2.6
Spellcasting   | |  2.8
Transmutations | |  0.7

Action                   |  1- 3 |  4- 6 || total
-------------------------+-------+-------++-------
 Cast: Sandblast         |    51 |     9 ||    60
Armor: Robe              |     2 |     3 ||     5
Dodge: Dodged            |     8 |     3 ||    11

Table legend: (Time is in decaauts)
 A = Elapsed time spent in this place.
 B = Non-inter-level travel time spent in this place.
 C = Inter-level travel time spent in this place.
 D = Time resting spent in this place.
 E = Time spent auto-exploring this place.
 F = Levels seen in this place.
 G = Mean time per level.
                   A        B        C        D        E       F      G
               +--------+--------+--------+--------+--------+-----+--------+
         Total |   1753 |   1705 |     48 |      0 |   1490 |   3 |  584.3 |
       Dungeon |   1753 |   1705 |     48 |      0 |   1490 |   3 |  584.3 |
               +--------+--------+--------+--------+--------+-----+--------+

Top non-repeatable levels by time:
     D:1: 783 daAuts
     D:2: 777 daAuts
     D:3: 193 daAuts
